Map: Daybreak LE (Void)

Players

Dark - Winner!

  • Race: Zerg Zerg
  • Spawn Location: 7:00

Classic

  • Race: Protoss Protoss
  • Spawn Location: 1:00

Event: IEM Season 11 - Gyeonggi

VOD

Have the link to the VOD?

Description

Time

  • Played on: Dec. 14, 2016, 3:35 a.m.
  • Length: 12:31

All games in this series

Show
View Real Time Build Order
Export as new Build Order

Dark Zerg - Winner!

Build Orders: Hatch First 

Get SALT Encoding   

  12  0:00  Drone  
  13  0:13  Overlord  
  13  0:18  Drone  
  14  0:31  Drone x2  
  14  0:35  Drone  
  17  0:52  Hatchery  
  17  0:55  Drone  
  17  1:00  Drone  
  18  1:08  Extractor  
  17  1:15  Spawning Pool  
  17  1:17  Drone  
  17  1:21  Drone  
  18  1:29  Drone  
  19  1:40  Drone  
  20  1:48  Hatchery  
  19  1:55  Drone  
  20  2:04  Queen, Zergling x2  
  23  2:09  Drone  
  23  2:14  Metabolic Boost  
  24  2:18  Drone  
  25  2:23  Drone  
  26  2:30  Overlord  
  26  2:33  Drone x2  
  28  2:48  Drone x2, Queen  
  28  2:51  Drone  
  33  2:55  Pneumatized Carapace  
  33  3:02  Queen  
  33  3:05  Drone  
  36  3:08  Drone x2  
  36  3:12  Drone  
  39  3:15  Drone x2  
  41  3:20  Overlord  
  41  3:23  Drone  
  41  3:35  Evolution Chamber  
  41  3:38  Baneling Nest  
  41  3:40  Zergling x8  
  43  3:41  Drone x2  
  43  3:42  Drone  
  43  3:43  Drone  
  47  3:53  Queen  
  49  3:56  Overlord  
  49  3:59  Overlord, Extractor  
  49  4:01  Drone  
  49  4:06  Overlord  
  49  4:14  Drone x2  
  49  4:15  Drone  
  49  4:16  Drone  
  53  4:17  Zergling x6  
  53  4:19  Spore Crawler  
  53  4:20  Spore Crawler  
  53  4:22  Spine Crawler  
  53  4:26  Spore Crawler  
  53  4:28  Drone x2  
  53  4:30  Drone  
  55  4:32  Drone  
  55  4:36  Baneling x4  
  55  4:38  Drone  
  57  4:45  Drone x2  
  59  4:50  Queen  
  61  4:53  Drone  
  61  4:54  Drone  
  61  4:55  Drone  
  64  5:00  Drone x3  
  64  5:03  Zerg Melee Weapons Level 1  
  64  5:05  Overlord  
  67  5:09  Baneling x4  
  67  5:14  Zergling x6  
  67  5:15  Zergling x4  
  72  5:22  Zergling x4  
  72  5:23  Overlord  
  72  5:27  Queen, Spine Crawler  
  73  5:31  Zergling x4  
  73  5:34  Zergling x4  
  72  5:35  Zergling x2  
  72  5:41  Zergling x2  
  72  5:42  Zergling x8  
  75  5:43  Zergling x2  
  75  5:45  Zergling x4  
  77  5:53  Lair  
  77  5:54  Drone  
  77  5:56  Drone  
  78  5:57  Queen  
  78  6:03  Zergling x4  
  82  6:04  Hatchery  
  82  6:09  Queen  
  82  6:11  Drone x2  
  85  6:13  Overlord  
  85  6:18  Drone x2  
  87  6:22  Baneling  
  87  6:23  Baneling  
  87  6:24  Baneling, Extractor  
  86  6:26  Drone x3  
  86  6:28  Extractor  
  86  6:30  Hatchery  
  87  6:37  Zergling x8  
  87  6:38  Zergling x4  
  91  6:40  Baneling x4  
  91  6:41  Overlord  
  91  6:42  Baneling  
  91  6:43  Baneling x3  
  91  6:45  Drone x2  
  93  6:51  Drone x2, Centrifical Hooks  
  93  6:53  Evolution Chamber  
  93  6:54  Drone x2  
  96  7:00  Zerg Melee Weapons Level 2  
  95  7:03  Drone x3  
  95  7:07  Overlord  
  95  7:12  Drone x3  
  95  7:14  Hydralisk Den  
  96  7:15  Extractor  
  96  7:17  Drone  
  96  7:18  Drone x2  
  96  7:21  Zerg Ground Armor Level 1  
  96  7:22  Drone x2  
  100  7:29  Overlord  
  100  7:37  Extractor  
  92  7:51  Hydralisk x6  
  95  7:59  Drone x6  
  95  8:01  Drone x4  
  95  8:04  Drone x3  
  95  8:05  Drone  
  101  8:09  Muscular Augments  
  101  8:11  Hydralisk x2  
  105  8:14  Baneling  
  105  8:16  Baneling  
  105  8:20  Drone x3  
  105  8:22  Drone x3  
  105  8:25  Overseer  
  111  8:29  Hydralisk x3  
  111  8:33  Hydralisk  
  119  8:37  Hydralisk x2  
  123  8:41  Overlord x2  
  123  8:42  Overlord x3  
  122  8:51  Overlord x2  
  119  8:56  Overlord  
  119  9:02  Drone x2  
  121  9:03  Baneling  
  121  9:04  Baneling x3  
  121  9:05  Hydralisk  
  121  9:06  Zergling x10  
  121  9:07  Zergling x12  
  121  9:08  Zergling x2  
  135  9:10  Zergling x4  
  135  9:11  Zergling x4  
  135  9:13  Zergling x2  
  135  9:14  Infestation Pit, Queen  
  141  9:19  Zergling x6  
  141  9:22  Zerg Ground Armor Level 2  
  144  9:28  Baneling  
  144  9:29  Baneling x4  
  144  9:31  Zergling x6  
  144  9:32  Baneling  
  144  9:33  Baneling x6  
  144  9:38  Zergling x18  
  150  9:41  Zergling x6  
  150  9:45  Zergling x6  
  158  9:50  Hydralisk x2  
  161  9:54  Zergling x8  
  159  10:00  Hydralisk x2  
  159  10:02  Zergling x6  
  159  10:06  Hive  
  164  10:07  Drone  
  164  10:13  Zergling x8  
  169  10:15  Baneling x13  
  169  10:21  Hatchery  
  168  10:22  Baneling x9  
  168  10:28  Baneling x5  
  168  10:29  Zergling x8  
  168  10:32  Zergling x6  
  168  10:33  Zergling x2  
  176  10:46  Zergling x8  
  176  10:47  Zergling x4  
  182  10:51  Overlord x2  
  182  11:03  Zergling x10  
  182  11:06  Zergling x2  
  182  11:08  Overlord x3  
  181  11:11  Zergling x22  
  181  11:12  Zergling x6  
  191  11:19  Zergling x6  
  193  11:28  Baneling x6  
  193  11:29  Baneling x4  
  193  11:32  Baneling x5  
  193  11:33  Baneling x11  
  193  11:43  Baneling x8  
  190  11:51  Zergling x18  
  190  11:53  Zergling x6  
  190  11:54  Zergling x14  
  182  11:56  Zergling x2  
  168  12:01  Zergling x4  
  168  12:02  Zergling x2  
  168  12:04  Zergling x6  
  168  12:07  Overseer x2, Zergling x4  
  168  12:08  Overseer x2  
  172  12:12  Zergling x8  
  172  12:14  Zergling x4  
Show
View Real Time Build Order
Export as new Build Order

Classic Protoss 

Build Orders: Nexus First, Zealot Archon, Dark Templar Rush 

Get SALT Encoding   

  12  0:00  Probe (Chrono Boost)  
  13  0:11  Probe (Chrono Boost)  
  14  0:17  Pylon  
  14  0:22  Probe (Chrono Boost)  
  16  0:35  Probe (Chrono Boost)  
  16  0:46  Probe (Chrono Boost)  
  17  0:58  Nexus  
  17  1:08  Gateway  
  17  1:10  Probe (Chrono Boost)  
  18  1:16  Assimilator  
  18  1:21  Probe (Chrono Boost)  
  18  1:23  Assimilator  
  19  1:31  Probe (Chrono Boost)  
  20  1:35  Pylon  
  20  1:42  Probe (Chrono Boost)  
  21  1:52  Probe (Chrono Boost)  
  22  1:55  Cybernetics Core  
  22  2:03  Probe (Chrono Boost)  
  23  2:10  Probe (Chrono Boost)  
  23  2:14  Probe (Chrono Boost)  
  25  2:21  Probe (Chrono Boost)  
  26  2:24  Probe (Chrono Boost)  
  27  2:31  Probe (Chrono Boost)  
  27  2:32  Warp Gate, Adept  
  27  2:35  Mothership Core (Chrono Boost)  
  32  2:39  Twilight Council  
  32  2:42  Probe (Chrono Boost)  
  33  2:53  Probe x2 (Chrono Boost)  
  35  3:00  Robotics Facility  
  35  3:04  Probe x2 (Chrono Boost)  
  37  3:14  Probe x2 (Chrono Boost)  
  39  3:22  Dark Shrine  
  39  3:25  Probe x2 (Chrono Boost)  
  41  3:35  Gateway  
  41  3:36  Gateway  
  41  3:40  Probe (Chrono Boost), Gateway  
  43  3:46  Pylon  
  42  3:48  Warp Prism (Chrono Boost)  
  42  3:52  Probe  
  42  3:53  Probe  
  42  3:54  Assimilator  
  46  3:57  Assimilator  
  46  4:03  Probe  
  46  4:04  Pylon  
  46  4:06  Probe  
  48  4:13  Probe (Chrono Boost)  
  49  4:18  Probe (Chrono Boost), Pylon  
  50  4:25  Probe (Chrono Boost)  
  50  4:29  Probe (Chrono Boost)  
  52  4:34  Adept x2  
  56  4:38  Dark Templar x2  
  59  4:51  Probe x2 (Chrono Boost)  
  59  4:55  Pylon  
  59  4:56  Pylon  
  59  5:02  Probe x2 (Chrono Boost)  
  59  5:06  Dark Templar  
  59  5:07  Dark Templar  
  65  5:09  Archon  
  65  5:11  Archon  
  65  5:12  Zealot x2  
  69  5:16  Pylon  
  69  5:23  Nexus  
  69  5:29  Immortal (Chrono Boost)  
  71  5:42  Probe x2 (Chrono Boost)  
  71  5:47  Pylon  
  65  5:54  Probe x2 (Chrono Boost)  
  63  5:57  Sentry x2, Templar Archives  
  63  5:58  Stalker  
  63  6:01  Stalker  
  71  6:04  Probe (Chrono Boost)  
  71  6:05  Probe (Chrono Boost)  
  73  6:15  Probe x2 (Chrono Boost)  
  73  6:18  Forge  
  75  6:23  Observer (Chrono Boost)  
  75  6:24  Probe (Chrono Boost)  
  76  6:26  Probe (Chrono Boost)  
  76  6:28  Stalker x2  
  82  6:38  Probe x3 (Chrono Boost)  
  82  6:39  Immortal (Chrono Boost)  
  89  6:48  Probe (Chrono Boost)  
  89  6:49  Probe x2 (Chrono Boost)  
  89  6:51  Protoss Ground Weapons Level 1 (Chrono Boost)  
  92  6:55  High Templar x2  
  92  6:59  Pylon  
  92  7:00  Archon  
  92  7:01  Zealot x2  
  95  7:09  Probe  
  96  7:16  Probe x2  
  96  7:18  Pylon  
  96  7:19  Probe  
  99  7:23  Gateway  
  99  7:24  Gateway  
  99  7:25  Gateway  
  99  7:27  Gateway  
  99  7:28  Probe x2, Immortal  
  101  7:30  Probe  
  106  7:37  Zealot  
  106  7:38  Pylon  
  106  7:40  Probe  
  106  7:43  Zealot  
  109  7:54  Charge (Chrono Boost)  
  105  8:02  Immortal  
  105  8:04  Probe  
  105  8:05  Probe x2  
  100  8:09  Assimilator  
  100  8:10  Photon Cannon  
  104  8:13  Assimilator  
  104  8:16  High Templar x3  
  104  8:17  High Templar  
  112  8:20  Pylon  
  112  8:22  Probe, Archon, Pylon  
  112  8:24  Probe  
  114  8:28  Protoss Ground Weapons Level 2 (Chrono Boost)  
  114  8:31  Photon Cannon  
  114  8:32  Pylon  
  114  8:33  Archon  
  114  8:36  Zealot x4  
  114  8:40  Immortal  
  122  8:44  Pylon  
  126  9:02  High Templar x2  
  130  9:03  Zealot x6  
  130  9:06  Pylon  
  130  9:08  Archon  
  142  9:15  Immortal  
  142  9:17  Pylon  
  146  9:31  Zealot x4, High Templar x2  
  150  9:35  Archon  
  158  9:39  Photon Cannon  
  158  9:40  Pylon  
  158  9:43  Nexus  
  158  9:45  Pylon  
  158  9:53  Zealot  
  158  9:54  Zealot  
  158  9:56  Warp Prism  
  160  10:05  Probe x3  
  165  10:12  Stargate  
  165  10:15  High Templar x4  
  165  10:16  Gateway  
  165  10:18  Gateway  
  165  10:20  Archon x2  
  173  10:22  Pylon  
  173  10:23  Assimilator  
  173  10:25  Probe x3  
  173  10:27  Assimilator, Immortal  
  176  10:30  Pylon  
  180  10:53  Photon Cannon, Pylon  
  180  10:56  Stargate  
  180  10:58  Fleet Beacon  
  178  11:05  Immortal  
  180  11:15  Probe, Stargate  
  180  11:16  Probe x3  
  170  11:23  Photon Cannon  
  168  11:26  Oracle (Chrono Boost)  
  168  11:28  Probe  
  160  12:00  High Templar x3  
  160  12:01  Zealot x4, High Templar  
  139  12:06  Archon  
  145  12:10  Archon  
  119  12:22  Zealot x4  

Tags
 
Add a new tag
Caveats
  • Supply blocks, unpowered buildings, or Contaminate may cause inaccurate times.
  • Supply counts are checked every 10 seconds.